 Dungeon Crawl Stone Soup version 0.20-a0-915-gb278767 (webtiles) character file.

7 Denreik the Skirmisher (level 2, 0/21 HPs)
             Began as an Octopode Abyssal Knight on Mar 24, 2017.
             Was a Follower of Lugonu.
             Slain by an insubstantial wisp (3 damage)
             ... summoned by a worldbinder
             ... on level 1 of the Abyss.
             The game lasted 00:00:45 (103 turns).

Denreik the Skirmisher (Octopode Abyssal Knight)     Turns: 103, Time: 00:00:45

Health: 0/21       AC:  1    Str: 11    XL:     2   Next: 4%
Magic:  3/3        EV: 14    Int: 14    God:    Lugonu [*.....]
Gold:   5          SH:  0    Dex: 11    Spells: 1/1 levels left

rFire    . . .     SeeInvis .   a - +1 spear
rCold    . . .     Gourm    .   (no shield)
rNeg     . . .     Faith    .   (helmet restricted)
rPois    .         Spirit   .   (no amulet)
rElec    .         Reflect  .   (no ring)
rCorr    .         Harm     .   (no ring)
MR       .....                  (no ring)
Stlth    +++.......             (no ring)
Regen    0.1/turn               (no ring)
MPRegen  0.1/turn               (no ring)
                                (no ring)
                                (no ring)

@: no status effects
A: almost no armour, stealthy swim, amphibious, 8 rings, constrict 8, camouflage
1, gelatinous body 1
a: Depart the Abyss, Renounce Religion


You were on level 1 of the Abyss.
You worshipped Lugonu.
Lugonu was aware of your devotion.
You were not hungry.

You visited 0 branches of the dungeon, and saw 0 of its levels.
You visited the Abyss 1 time.

You collected 5 gold pieces.

Inventory:

Hand Weapons
 a - a +1 spear (weapon)
 d - a +0 hunting sling
Scrolls
 e - a scroll of identify {unknown}
Comestibles
 b - a bread ration


   Skills:
 - Level 3.0 Fighting
 - Level 2.0 Polearms
 * Level 2.8 Dodging
 * Level 1.3 Stealth
 - Level 2.0 Invocations


You had one spell level left.
You didn't know any spells.

Dungeon Overview and Level Annotations

Branches:
Dungeon (0/15)

Altars:


Innate Abilities, Weirdness & Mutations

You cannot wear most types of armour.
You are very stealthy in the water. (Stealth+)
You are amphibious.
You can wear up to eight rings at the same time.
You can use your tentacles to constrict eight enemies at once.
Your skin changes colour to match your surroundings (Stealth+).
Your rubbery body absorbs attacks. (AC +1, EV +1)


Message History

Press: ? - help, Dir - move target cursor, f/p - worldbinder
Aim: a worldbinder (lightly damaged)
You hit the worldbinder. You grab the worldbinder.
The worldbinder is moderately damaged.
You constrict the worldbinder, but do no damage.
The worldbinder closely misses you. The worldbinder completely misses you.
The insubstantial wisp thrums sharply.
You are struck by lightning.
* * * LOW HITPOINT WARNING * * *
The lightning arcs!
The worldbinder hits you.
* * * LOW HITPOINT WARNING * * *
The worldbinder misses you.
Wield which item (- for none, * to show all)? (? for menu, Esc to quit)
Okay, then.
It was a potion of curing.
You feel better.
You constrict the worldbinder.
The vampire mosquito closely misses you.
The worldbinder hits you!
* * * LOW HITPOINT WARNING * * *
The worldbinder misses you. The insubstantial wisp hits you.
You die...

. . ... . #..#.
..#.##.. #..# .
####...##.. .# .#
#...#.....#...#.. .
# #
.##.......##..#####
.# ....#...#... #
... . . #
#.#.##......#.# .
#.###.v. #. #..#..#
. # ## # #yx#.
####. ##. . .. #
##@### . . . # #v#
. # # ##.# # ###


You could see a worldbinder, a vampire mosquito and 2 insubstantial wisps.

Vanquished Creatures
  A white imp (Abyss:1)
1 creature vanquished.

Notes
Turn   | Place    | Note
-------+----------+-------------------------------------------
     0 | Abyss:1  | Denreik the Octopode Abyssal Knight began the quest for the Orb.
     0 | Abyss:1  | Reached XP level 1. HP: 16/16 MP: 2/2
    85 | Abyss:1  | Noticed a worldbinder
    86 | Abyss:1  | Reached skill level 1 in Stealth
    86 | Abyss:1  | Reached XP level 2. HP: 21/21 MP: 3/3
    87 | Abyss:1  | Noticed an insubstantial wisp
    99 | Abyss:1  | Noticed an insubstantial wisp
   100 | Abyss:1  | Noticed a vampire mosquito
   101 | Abyss:1  | Noticed an insubstantial wisp
   102 | Abyss:1  | HP: 1/21 [worldbinder (4)]
   103 | Abyss:1  | Noticed an insubstantial wisp
   103 | Abyss:1  | Slain by an insubstantial wisp

Vault maps used:

Skill      XL: |  1 |
---------------+----+-----
Stealth        | 1 |  1.3
Fighting       | |  3.0
Polearms       | |  2.0
Dodging        | |  2.8
Invocations    | |  2.0

Action                   || total
-------------------------++-------
Melee: Spear             ||     7
       Tentacles         ||     3
       Constrict         ||     2
  Use: Potion            ||     1
Armor: Skin              ||     1
Dodge: Dodged            ||     7
